 Dungeon Crawl Stone Soup version 0.25-a0-578-gc91f01c39c (webtiles) character file.

Game seed: 12498857710404133081, levelgen mode: deterministic

128 An17 the Sneak (level 4, -3/25 HPs)
             Began as a Vampire Enchanter on Mar 3, 2020.
             Was an Initiate of Gozag.
             Killed from afar by an orc wizard (7 damage)
             ... with a magic dart
             ... on level 2 of the Dungeon.
             The game lasted 00:07:45 (1777 turns).

An17 the Sneak (Vampire Enchanter)                  Turns: 1777, Time: 00:07:46

Health: -3/25      AC:  3    Str: 11    XL:     4   Next: 86%
Magic:  1/7        EV: 12    Int: 17    God:    Gozag
Gold:   130        SH:  0    Dex: 15    Spells: 2/7 levels left

rFire    . . .     SeeInvis +   a - +1 dagger
rCold    + + .     Gourm    .   (no shield)
rNeg     + + +     Faith    .   h - +0 leather armour
rPois    ∞         Spirit   .   (no helmet)
rElec    .         Reflect  .   (no cloak)
rCorr    .         Harm     .   (no gloves)
MR       .....                  (no boots)
Stlth    +++++.....             (no amulet)
HPRegen  0.00/turn              j - +4 ring of strength
MPRegen  0.10/turn              (no ring)

@: bloodless
A: no food, fangs 3, see invisible, unbreathing
a: Bat Form, Revivify, Potion Petition, Call Merchant, Bribe Branch, Renounce
Religion


You were on level 2 of the Dungeon.
You worshipped Gozag.
Gozag was aware of your devotion.
You were bloodless.

You visited 1 branch of the dungeon, and saw 3 of its levels.

You collected 130 gold pieces.

Inventory:

Hand Weapons
 a - a +1 dagger (weapon)
Armour
 h - a +0 leather armour (worn)
Jewellery
 j - a +4 ring of strength (left hand)
Scrolls
 b - a scroll of amnesia
 i - 2 scrolls of remove curse
Potions
 c - a potion of curing
 d - 2 potions of heal wounds {unknown}
 e - a potion of flight {unknown}
 f - a potion of magic {unknown}


   Skills:
 - Level 1.0 Fighting
 + Level 2.2 Short Blades
 - Level 0.2 Armour
 + Level 2.6 Dodging
 + Level 6.2 Stealth
 + Level 2.3 Spellcasting
 + Level 5.1 Hexes
 + Level 0.5 Ice Magic


You had 2 spell levels left.
You knew the following spells:

 Your Spells              Type           Power        Failure   Level  Hunger
b - Ensorcelled Hibernat  Hex/Ice        ##....       12%         2    N/A
c - Confusing Touch       Hex            ###.....     9%          3    N/A

Your spell library contained the following spells:

 Spells                   Type           Power        Failure   Level  Hunger
 Corona                   Hex            ###....      3%          1    N/A
 Tukima's Dance           Hex            ###.....     9%          3    N/A
 Dazzling Flash           Conj/Hex       ##....       26%         3    N/A

Dungeon Overview and Level Annotations

Branches:
Dungeon (3/15)

Altars:
Gozag
Trog


Innate Abilities, Weirdness & Mutations

You do not eat.
You do not regenerate when monsters are visible.
You are frail without blood (-20% HP).
You can heal yourself when you bite living creatures.
You are immune to poison.
You have razor-sharp teeth.
You have supernaturally acute eyesight. (SInv)
You can survive without breathing.


Message History

Casting: Ensorcelled Hibernation (safe; 12% risk of failure)
Confirm with . or Enter, or press ? or * to list all spells.
Aiming: Ensorcelled Hibernation (safe; 12% risk of failure)
Press: ? - help, Shift-Dir - straight line, f/p - orc wizard
Aim: an orc wizard, wielding a +1 dagger of venom and wearing a +0 robe (slightly transparent, chance to defeat MR: 42%)
The orc wizard resists with some effort.
The orc wizard casts a spell at you. The magic dart hits you.
* * * LOW HITPOINT WARNING * * *
Casting: Ensorcelled Hibernation (safe; 12% risk of failure)
Confirm with . or Enter, or press ? or * to list all spells.
Aiming: Ensorcelled Hibernation (safe; 12% risk of failure)
Press: ? - help, Shift-Dir - straight line, f/p - orc wizard
Aim: an orc wizard, wielding a +1 dagger of venom and wearing a +0 robe (slightly transparent, chance to defeat MR: 42%)
The orc wizard resists with some effort.
The orc wizard closely misses you.
The orc wizard gestures at you while chanting.
The magic dart hits you!
You die...
Your body crumbles into a pile of gold.

#.#### #....# #.##.#
...#+## ### #.....# #.#
..<...##########.#
......'.........o#
#.....####.##.##.#
####'#####..#.##@#
#.......#..#....#
##.#.###.##.############
.#.#...#†...##.........#
.#.....................#
.....#.#.####..........#
####...#...##....#######
########.#.##....#
.........#..'....#


You could see an orc wizard (invisible).

Vanquished Creatures
  A worker ant (D:2)
  4 adders (D:2)
  An ooze (D:1)
  A worm (D:2)
  2 dart slugs
  2 leopard geckos (D:1)
  4 giant cockroaches
  7 goblins
  6 hobgoblins
  2 quokkas
  3 ball pythons (D:2)
  6 bats
  2 frilled lizards
  7 kobolds
  10 rats
58 creatures vanquished.

Notes
Turn   | Place    | Note
-------+----------+-------------------------------------------
     0 | D:1      | An17 the Vampire Enchanter began the quest for the Orb.
     0 | D:1      | Reached XP level 1. HP: 13/13 MP: 3/3
   210 | D:1      | Reached XP level 2. HP: 19/19 MP: 5/5
   214 | D:1      | Learned a level 2 spell: Ensorcelled Hibernation
   227 | D:1      | Reached skill level 5 in Stealth
   580 | D:1      | You fall into a shaft and drop 1 floor!
   664 | D:1      | Reached XP level 3. HP: 6/20 MP: 6/6
   669 | D:1      | Learned a level 3 spell: Confusing Touch
   950 | D:2      | Reached skill level 5 in Hexes
   950 | D:2      | Reached XP level 4. HP: 13/24 MP: 2/7
  1046 | D:2      | Reached skill level 1 in Fighting
  1173 | D:2      | Reached skill level 6 in Stealth
  1245 | D:2      | Found a faded altar of an unknown god.
  1263 | D:2      | Became a worshipper of Gozag Ym Sagoz the Greedy
  1490 | D:2      | Found a bloodstained altar of Trog.
  1777 | D:2      | Killed from afar by an orc wizard

Levels and vault maps discovered:
D:1:      arrival_zaba_pyramid, layout_basic, minivault_23
D:2:      layout_basic, bloody_trog, chequers_ecumenical_altar_island,
          minmay_fractal_squares_5
D:3:      layout_basic, hellmonk_ghost_happy_afterlife, minmay_circle_x,
          uniq_terence

Skill      XL: |  1  2  3  4 |
---------------+-------------+-----
Stealth        | 5 6 |  6.2
Hexes          | 5 |  5.1
Fighting       | 1 |  1.0
Short Blades   | 2 |  2.2
Armour         | |  0.2
Dodging        | |  2.6
Spellcasting   | |  2.3
Ice Magic      | |  0.5

Action                   |  1- 3 |  4- 6 || total
-------------------------+-------+-------++-------
Melee: Dagger            |    98 |    41 ||   139
       Bite              |     7 |     3 ||    10
 Cast: Corona            |     3 |       ||     3
       Ensorcelled Hiber |    11 |     8 ||    19
 Abil: Exsanguinate      |     1 |       ||     1
  Use: Scroll            |     5 |     3 ||     8
 Stab: Sleeping          |    18 |    12 ||    30
Armor: Robe              |    10 |       ||    10
       Leather armour    |    12 |    15 ||    27
Dodge: Dodged            |    66 |    33 ||    99

Table legend:
 A = Non-vault XP
 B = Vault XP
 C = Vault XP percentage of total XP
 D = Non-vault monster count
 E = Vault monster count
 F = Vault count percentage of total count
                 A         B        C        D         E       F
            +---------+---------+-------+---------+---------+-------
      Total |     146 |      37 |  20.2 |      49 |       9 |  15.5
            +---------+---------+-------+---------+---------+-------
        D:1 |      49 |       0 |   0.0 |      25 |       0 |   0.0
        D:2 |      95 |      36 |  27.5 |      23 |       8 |  25.8
        D:3 |       2 |       1 |  33.3 |       1 |       1 |  50.0
            +---------+---------+-------+---------+---------+-------
